 Dungeon Crawl Stone Soup version 0.21.1-1-g345015f (webtiles) character file.

28 empire the Conjurer (level 3, -2/26 HPs)
             Began as a Draconian Conjurer on June 20, 2018.
             Slain by an adder (3 damage)
             ... on level 2 of the Dungeon.
             The game lasted 00:02:42 (851 turns).

empire the Conjurer (Draconian Conjurer)             Turns: 851, Time: 00:02:42

Health: -2/26      AC:  5    Str: 10    XL:     3   Next: 0%
Magic:  2/6        EV: 12    Int: 16    God:
Gold:   76         SH:  0    Dex: 11    Spells: 3/6 levels left

rFire    . . .     SeeInvis .   b - +0 short sword
rCold    . . .     Gourm    .   (no shield)
rNeg     . . .     Faith    .   (armour unavailable)
rPois    .         Spirit   .   (helmet restricted)
rElec    .         Reflect  .   (no cloak)
rCorr    .         Harm     .   (no gloves)
MR       .....                  (no boots)
Stlth    ++........             (no amulet)
HPRegen  0.08/turn              (no ring)
MPRegen  0.10/turn              (no ring)

@: lethally poisoned (-2 -> -7)
A: unfitting armour, cold-blooded, AC +5
a: no special abilities


You were on level 2 of the Dungeon.
You were not hungry.

You visited 1 branch of the dungeon, and saw 2 of its levels.

You collected 76 gold pieces.

Inventory:

Hand Weapons
 a - a +0 dagger
 b - a +0 short sword (weapon)
 n - a +1 dagger of freezing
Scrolls
 c - a scroll of remove curse {unknown}
 h - 2 scrolls of teleportation {unknown}
 i - a scroll of fear {unknown}
 k - a scroll of immolation {unknown}
Potions
 f - a potion of might {unknown}
 g - a potion of degeneration {unknown}
 j - 2 potions of curing {unknown}
 m - a potion of mutation {unknown}
Books
 e - a book of Conjurations

   Spells                             Type                      Level
   a - Magic Dart                     Conjuration                  1
   b - Searing Ray                    Conjuration                  2
   c - Dazzling Spray                 Conjuration/Hexes            3
   d - Fulminant Prism                Conjuration/Hexes            4
   e - Force Lance                    Conjuration/Translocation    4
   f - Iskenderun's Mystic Blast      Conjuration                  4
Comestibles
 d - 10 chunks of flesh
 l - 6 rations


   Skills:
 + Level 0.1 Fighting
 - Level 1.7 Dodging
 - Level 1.7 Stealth
 - Level 2.0 Spellcasting
 - Level 5.0 Conjurations


You had 3 spell levels left.
You knew the following spells:

 Your Spells              Type           Power        Failure   Level  Hunger
a - Magic Dart            Conj           ###.         2%          1    #......
b - Searing Ray           Conj           ###...       4%          2    ###....


Dungeon Overview and Level Annotations

Branches:
Dungeon (2/15)

Altars:


Innate Abilities, Weirdness & Mutations

Your plain brown scales are hard. (AC +5)
You cannot fit into any form of body armour.
You are cold-blooded and may be slowed by cold attacks.


Message History

You struggle against the net.
The gnoll hits you but does no damage. The gnoll hits you with a flail.
The gnoll hits you from afar with a spear.
You struggle against the net.
The adder bites you.
You are poisoned.
The adder poisons you!
The gnoll hits you from afar with a spear.
The gnoll hits you from afar with a spear!
The adder bites you.
You struggle against the net.
You feel sick.
The gnoll hits you from afar with a spear.
* * * LOW HITPOINT WARNING * * *
The adder bites you but does no damage.
The gnoll hits you from afar with a spear.
* * * LOW HITPOINT WARNING * * *
You shred the net and break free!
The gnoll hits you from afar with a spear.
* * * LOW HITPOINT WARNING * * *
The adder bites you.
You die...

##...#.#
##......#
#>......##
#.........
#.####.........
........gg.....
l......Sgg.....
#@###.... ..
...#####.#......
..#
...............#
#.# #
#..#####.#.###.#
#.#.#
#.#.###.###.#.#
#.............
###.###.###.##
#............#
#.#.###.###..#


You could see 4 gnolls, an adder and a frilled lizard (sleeping).

Vanquished Creatures
  A worm (D:2)
  A leopard gecko (D:1)
  2 giant cockroaches
  4 goblins
  4 hobgoblins
  2 kobolds (D:1)
  3 bats (D:1)
  3 frilled lizards (D:1)
  4 rats
24 creatures vanquished.

Notes
Turn   | Place    | Note
-------+----------+-------------------------------------------
     0 | D:1      | empire the Draconian Conjurer began the quest for the Orb.
     0 | D:1      | Reached XP level 1. HP: 14/14 MP: 3/3
   165 | D:1      | Reached XP level 2. HP: 10/20 MP: 0/5
   674 | D:2      | Learned a level 2 spell: Searing Ray
   772 | D:2      | Reached skill level 5 in Conjurations
   827 | D:2      | Reached XP level 3. HP: 26/26 MP: 6/6
   851 | D:2      | HP: 1/26 [gnoll/spear (5)]
   851 | D:2      | Slain by an adder

Skill      XL: |  1  2 |
---------------+-------+-----
Conjurations   | 5 |  5.0
Fighting       | |  0.1
Dodging        | |  1.7
Stealth        | |  1.7
Spellcasting   | |  2.0

Action                   || total
-------------------------++-------
Melee: Unarmed           ||    10
       Tailslap          ||     8
       Dagger            ||    19
       Short sword       ||    17
 Cast: Magic Dart        ||    30
 Stab: Sleeping          ||     2
Armor: Skin              ||    16
Dodge: Dodged            ||    37
